 Dungeon Sprint DCSS version 0.30.1-4-g462c640d31 (webtiles) character file.

Game seed: 10758221360692066068

4869 Heoruswealwe the Imperceptible (level 10, 0/44 HPs)
             Began as a Spriggan Artificer on Aug 29, 2023.
             Was an Initiate of Gozag.
             Shot with an arrow by a centaur warrior (23 damage)
             ... in the Dungeon (Sprint I: "Red Sonja").
             The game lasted 00:07:40 (711 turns).

Heoruswealwe the Imperceptible (Spriggan Artificer)  Turns: 711, Time: 00:07:42

Health: 0/44       AC:  2    Str:  8    XL:     10   Next: 26%
Magic:  11/11      EV: 18    Int: 13    God:    Gozag
Gold:   879        SH:  0    Dex: 20    Spells: 9/9 levels left

rFire   . . .        a - +0 short sword (venom)
rCold   . . .        (no shield)
rNeg    . . .        b - +0 robe
rPois   .            (helmet restricted)
rElec   .            (no cloak)
rCorr   .            (gloves unavailable)
SInv    +            (boots unavailable)
Will    +....        (no amulet)
Stlth   +++++++++    (no ring)
HPRegen 0.27/turn    (no ring)
MPRegen 0.12/turn

%: no teleportation
@: very quick
A: very small, no large weapons, unfitting armour, see invisible, speed 3
a: Renounce Religion, Potion Petition, Call Merchant, Bribe Branch


You were in the Dungeon.
You worshipped Gozag.
Gozag was pleased with you.
You visited 1 branch You collected 915 gold pieces.
You donated 36 gold pieces to Zin.

Inventory:

Hand Weapons
 a - a +0 short sword of venom (weapon)
Armour
 b - a +0 robe (worn)
Wands
 c - a wand of flame (10) (quivered)
 d - a wand of charming (14)
 l - a wand of digging (6)
Scrolls
 f - a scroll of butterflies {unknown}
 k - a scroll of blinking
Potions
 e - 2 potions of curing
 h - a potion of haste
 i - 2 potions of magic
 j - a potion of berserk rage


   Skills:
 - Level 0.7 Fighting
 - Level 3.2 Dodging
 + Level 25.1 Stealth
 + Level 21.9 Evocations


You had 9 spell levels left.
You didn't know any spells.
Your spell library was empty.

Dungeon Overview and Level Annotations

Branches:
Dungeon (1/1)

Altars:
Cheibriados
Dithmenos
Elyvilon
Fedhas
Gozag
Hepliaklqana
Kikubaaqudgha
Nemelex Xobeh
Okawaru
Qazlal
Ru
Sif Muna
Trog
Uskayaw
Vehumet
Wu Jian
Yredelemnul
Zin
The Shining One

Shops:
D =[(([?[


Innate Abilities, Weirdness & Mutations

You are very small and have problems with some larger weapons.
You are too small for most types of armour.
You have supernaturally acute eyesight. (SInv)
You cover ground extremely quickly. (Speed+++)


Message History

You now have 879 gold pieces (gained 17).
You see here a +0 robe.
f - a scroll labelled PIACEPSUUQ You see here a +0 ring mail.
You see here a +0 robe.
You open the door.
A centaur warrior comes into view.
The centaur warrior moves out of view.
Found a scroll labelled FELEEMYASEZ.
A centaur warrior comes into view.
There is an open door here.
You enter the shallow water.
Moving in this stuff is going to be slow.
Found 12 gold pieces.
The centaur warrior wields a +0 longbow.
The centaur warrior shoots an arrow.
The arrow hits you!!
Ouch! That really hurt!
The centaur warrior shouts!
The centaur warrior wields a +0 shortbow.
The centaur warrior shoots an arrow.
The arrow barely misses you.
The centaur warrior shoots an arrow.
The arrow misses you.
The centaur warrior shoots an arrow.
The arrow barely misses you.
There is an open door here.
The centaur warrior shoots an arrow.
The arrow misses you.
Aiming: Charm
Press: ? - help, Shift-Dir - straight line, f - centaur warrior
Aim: a centaur warrior, wielding a +0 shortbow (purple smoke, chance to affect: 71%)
The centaur warrior is charmed.
The centaur warrior shoots an arrow.
The arrow hits your centaur warrior!!
The centaur warrior shoots an arrow.
The arrow hits your centaur warrior!
The centaur warrior unwields a +0 longbow.
The centaur warrior closely misses your centaur warrior.
The centaur warrior completely misses your centaur warrior.
The centaur warrior wields a +0 longbow.
The centaur warrior shoots an arrow.
The arrow barely misses your centaur warrior.
The arrow hits you!!
Ouch! That really hurt!
You die...
Your body crumbles into a pile of gold.

.#..)..#.)'..# $$ $$
.)..#..'..#..+ $$ $
.#####'#####'# ### $
.####..#...#.####§§# $
$
.#__####..##(#~~§..#$$
$ .#_____##'#_.+~~§.c+
$
⌠#_.∩..÷'..._#~c§§c#$$
$$
.#_..__##_.#'##c####
.#_____###'#)#.[@[###
$
##########.####'###.##
$
........'...'.....'[∩#
$$
#''''####)..##########
$ $$ $ ......####.###


$$$$$ .......#.#'#.# $ $$$$$ .#.....#.....# $ $$$$$ .......#..((.# $$$
....#..####### $ You could see a centaur warrior and a friendly centaur warrior
(charmed).

Vanquished Creatures
  Sonja (D)
  A deep troll (D)
  8 shining eyes (D)
  Sigmund (D)
  A yak (D)
  4 floating eyes (D)
  An ogre (D)
  A jelly (D)
  Ijyb (D)
  A ballistomycete spore (D)
20 creatures vanquished.

Vanquished Creatures (others)
  A ballistomycete spore (D)
1 creature vanquished.

Grand Total: 21 creatures vanquished

Notes
Turn   | Place    | Note
-------+----------+-------------------------------------------
     0 | D        | Heoruswealwe the Spriggan Artificer began the quest for the
                  | Orb.
     0 | D        | Reached XP level 1. HP: 9/9 MP: 2/2
     1 | D        | Noticed Ijyb
     4 | D        | Killed Ijyb
     5 | D        | Reached skill level 6 in Stealth
     5 | D        | Reached XP level 2. HP: 14/14 MP: 3/3
    31 | D        | Noticed an ogre
    35 | D        | Killed an ogre
    36 | D        | Reached skill level 10 in Stealth
    36 | D        | Reached XP level 3. HP: 17/17 MP: 4/4
    36 | D        | Reached XP level 4. HP: 21/21 MP: 5/5
    46 | D        | Noticed Sigmund
    52 | D        | Killed Sigmund
    53 | D        | Reached skill level 13 in Stealth
    53 | D        | Reached XP level 5. HP: 15/25 MP: 6/6
    94 | D        | Found an ornate altar of the Wu Jian Council.
    94 | D        | Found a shimmering blue altar of Sif Muna.
    96 | D        | Found a radiant altar of Vehumet.
   101 | D        | Reached XP level 6. HP: 29/29 MP: 7/7
   129 | D        | Found Liepiez's Weapon Emporium.
   129 | D        | Found an ancient bone altar of Kikubaaqudgha.
   129 | D        | Found a hazy altar of Hepliaklqana.
   129 | D        | Found a stormy altar of Qazlal.
   129 | D        | Found a hide-covered altar of Uskayaw.
   129 | D        | Found a blossoming altar of Fedhas.
   129 | D        | Found a bloodstained altar of Trog.
   129 | D        | Found an iron altar of Okawaru.
   129 | D        | Found a basalt altar of Yredelemnul.
   129 | D        | Found a glowing golden altar of the Shining One.
   129 | D        | Found a snail-covered altar of Cheibriados.
   129 | D        | Found a sacrificial altar of Ru.
   129 | D        | Found a glowing silver altar of Zin.
   129 | D        | Found a shadowy altar of Dithmenos.
   129 | D        | Found a white marble altar of Elyvilon.
   129 | D        | Noticed a yak
   130 | D        | Found an opulent altar of Gozag.
   131 | D        | Killed a yak
   132 | D        | Reached skill level 15 in Stealth
   132 | D        | Found a sparkling altar of Nemelex Xobeh.
   138 | D        | Became a worshipper of Zin the Law-Giver
   138 | D        | Reached * piety under Zin
   138 | D        | Reached ** piety under Zin
   138 | D        | Reached *** piety under Zin
   138 | D        | Reached **** piety under Zin
   138 | D        | Reached ***** piety under Zin
   138 | D        | Reached ****** piety under Zin
   146 | D        | Noticed Sonja
   156 | D        | Killed Sonja
   157 | D        | Reached skill level 18 in Stealth
   157 | D        | Reached XP level 7. HP: 9/32 MP: 8/8
   225 | D        | Found Ruah's Jewellery Boutique.
   235 | D        | Noticed a shining eye
   235 | D        | Noticed a shining eye
   235 | D        | Noticed a shining eye
   235 | D        | Noticed a shining eye
   235 | D        | Noticed a shining eye
   235 | D        | Noticed a shining eye
   238 | D        | Reached XP level 8. HP: 37/37 MP: 9/9
   238 | D        | Noticed a shining eye
   238 | D        | Noticed a shining eye
   241 | D        | Reached skill level 19 in Stealth
   242 | D        | Paralysed by a floating eye for 2 turns
   252 | D        | Killed a shining eye
   253 | D        | Reached skill level 20 in Stealth
   253 | D        | Killed a shining eye
   254 | D        | Reached skill level 21 in Stealth
   254 | D        | Reached XP level 9. HP: 40/40 MP: 10/10
   260 | D        | Killed a shining eye
   261 | D        | Reached skill level 22 in Stealth
   291 | D        | Killed a shining eye
   307 | D        | Killed a shining eye
   308 | D        | Reached skill level 23 in Stealth
   321 | D        | Killed a shining eye
   333 | D        | Killed a shining eye
   334 | D        | Reached skill level 24 in Stealth
   334 | D        | Reached XP level 10. HP: 44/44 MP: 11/11
   350 | D        | Killed a shining eye
   363 | D        | Found Wuecyrus's Antique Armour Shop.
   363 | D        | Found Syffucim's Antique Armour Shoppe.
   363 | D        | Found Sioq's Magic Scroll Boutique.
   363 | D        | Found Huijag's Weapon Emporium.
   402 | D        | Fell from the grace of Zin
   402 | D        | Became a worshipper of Gozag Ym Sagoz the Greedy
   515 | D        | Noticed a deep troll
   541 | D        | Killed a deep troll
   542 | D        | Reached skill level 25 in Stealth
   680 | D        | Found Buobang's Armour Emporium.
   701 | D        | Noticed a centaur warrior
   703 | D        | Noticed a centaur warrior
   711 | D        | Shot with an arrow by a centaur warrior

Illustrated notes

Levels and vault maps discovered:
D:        dungeon_sprint_1 [red_sonja_temple_1, red_sonja_temple_small_1]

Skill      XL: |  1  2  3  4  5  6  7  8  9 10 |
---------------+-------------------------------+-----
Stealth        | 6 10 13 18 21 24 25 | 25.1
Evocations     | 6 9 12 16 18 21 | 21.9
Fighting       | |  0.7
Dodging        | |  3.2

Action                     |  1- 3 |  4- 6 |  7- 9 | 10-12 || total
---------------------------+-------+-------+-------+-------++-------
  Melee: Dagger            |       |     3 |       |       ||     3
         Short sword       |       |       |    61 |    20 ||    81
         Punch             |       |       |     1 |       ||     1
  Evoke: Wand              |     6 |     5 |       |     9 ||    20
    Use: Potion            |       |     1 |     1 |       ||     2
   Stab: Sleeping          |       |     2 |     6 |     1 ||     9
  Dodge: Dodged            |       |     4 |       |     6 ||    10
